 Dungeon Crawl Stone Soup version 0.25-a0-316-gd28d56f9c5 (webtiles) character file.

Game seed: 11154929140192931616, levelgen mode: deterministic

8 jt the Insei (level 1, -1/15 HPs)
             Began as a Demigod Transmuter on Dec 24, 2019.
             Slain by a hobgoblin
             ... wielding a +0 club
              (2 damage)
             ... on level 1 of the Dungeon.
             The game lasted 00:00:34 (138 turns).

jt the Insei (Demigod Transmuter)                    Turns: 138, Time: 00:00:35

Health: -1/15      AC:  2    Str: 13    XL:     1   Next: 80%
Magic:  5/5        EV: 12    Int: 17    God:
Gold:   8          SH:  0    Dex: 16    Spells: 2/3 levels left

rFire    . . .     SeeInvis .     - Unarmed
rCold    . . .     Gourm    .   (no shield)
rNeg     . . .     Faith    .   b - +0 robe
rPois    .         Spirit   .   (no helmet)
rElec    .         Reflect  .   (no cloak)
rCorr    .         Harm     .   (no gloves)
MR       .....                  (no boots)
Stlth    +.........             (no amulet)
HPRegen  0.05/turn              (no ring)
MPRegen  0.09/turn              (no ring)

@: no status effects
A: high mp 1
a: no special abilities


You were on level 1 of the Dungeon.
You were not hungry.

You visited 1 branch of the dungeon, and saw 1 of its levels.

You collected 8 gold pieces.

Inventory:

Missiles
 a - 12 arrows
Armour
 b - a +0 robe (worn)
Potions
 c - 2 potions of lignification {unknown}
Comestibles
 d - a ration
 f - a chunk of flesh


   Skills:
 - Level 0.8 Fighting
 - Level 1.7 Dodging
 + Level 3.2 Unarmed Combat
 - Level 1.7 Spellcasting
 - Level 1.7 Transmutations


You had 2 spell levels left.
You knew the following spells:

 Your Spells              Type           Power        Failure   Level  Hunger
a - Beastly Appendage     Tmut           #.....       10%         1    #......

Your spell library contained the following spells:

 Spells                   Type           Power        Failure   Level  Hunger
 Sticks to Snakes         Tmut           #.......     14%         2    ###....
 Spider Form              Tmut/Pois      #.........   38%         3    ###....
 Ice Form                 Ice/Tmut       #.......     80%         4    #####..
 Blade Hands              Tmut           #.........   95%         5    ######.


Dungeon Overview and Level Annotations

Branches:
Dungeon (1/15)


Innate Abilities, Weirdness & Mutations

You have an increased reservoir of magic. (+10% MP)


Message History

Your Unarmed Combat skill increases to level 3!
You hit the kobold.
The kobold is severely wounded.
The kobold hits you.
You hit the kobold.
You kill the kobold!
You hit the kobold.
The kobold is severely wounded.
The kobold hits you.
You hit the kobold.
You kill the kobold!
You hit the hobgoblin but do no damage. The hobgoblin hits you with a +0 club.
You are too injured to fight recklessly!
You are too injured to fight recklessly!
You hit the hobgoblin but do no damage. The hobgoblin hits you with a +0 club.
* * * LOW HITPOINT WARNING * * *
You hit the hobgoblin.
The hobgoblin is almost dead.
The hobgoblin hits you with a +0 club.
You die...

##### ...!..####
...K...(.#
..#.##.#.### #######
g.#....#####.....###
#.##%#..lg@....#.#....
# #.#..#####......#
!#...# #..#.#.#
##.#.## ##.....# ##.##
.....# ##....# ....#
####### #.#### #..##
#.# ##...#
#######.######
.....###
#..............


You could see a hobgoblin and a frilled lizard.

Vanquished Creatures
  2 leopard geckos (D:1)
  A giant cockroach (D:1)
  2 kobolds (D:1)
5 creatures vanquished.

Notes
Turn   | Place    | Note
-------+----------+-------------------------------------------
     0 | D:1      | jt the Demigod Transmuter began the quest for the Orb.
     0 | D:1      | Reached XP level 1. HP: 15/15 MP: 5/5
   131 | D:1      | Reached skill level 3 in Unarmed Combat
   138 | D:1      | Slain by a hobgoblin

Levels and vault maps discovered:
D:1:      matt_arrival_debris, layout_loops_ring, serial_glass, glass_columns_b,
          glass_columns_a, glass_columns_a, glass_columns_b,
          minmay_small_reverse_x

Skill      XL: |  1 |
---------------+----+-----
Unarmed Combat | 3 |  3.2
Fighting       | |  0.8
Dodging        | |  1.7
Spellcasting   | |  1.7
Transmutations | |  1.7

Action                   || total
-------------------------++-------
Melee: Unarmed           ||    25
       Punch             ||     2
Armor: Robe              ||     3
Dodge: Dodged            ||    14

Table legend:
 A = Non-vault XP
 B = Vault XP
 C = Vault XP percentage of total XP
 D = Non-vault monster count
 E = Vault monster count
 F = Vault count percentage of total count
                 A         B        C        D         E       F
            +---------+---------+-------+---------+---------+-------
      Total |       7 |       5 |  41.7 |       3 |       2 |  40.0
            +---------+---------+-------+---------+---------+-------
        D:1 |       7 |       5 |  41.7 |       3 |       2 |  40.0
            +---------+---------+-------+---------+---------+-------
